 Dungeon Crawl Stone Soup version 0.31-a0-1628-gdde2bdd (webtiles) character file.

Game seed: 10660954099880741130

174025 PidgeyThePirate the Swashbuckler (level 17, -17/133 HPs)
             Began as a Demonspawn Monk on Jan 12, 2024.
             Was an Elder of Nemelex Xobeh.
             Blown up by an orb spider (47 damage)
             ... with an orb of destruction
             ... on level 1 of the Spider Nest.
             The game lasted 01:47:58 (31972 turns).

PidgeyThePirate the Swashbuckler (Demonspawn Monk) Turns: 31972, Time: 01:47:58

Health: -17/133    AC: 28    Str: 14    XL:     17   Next: 44%
Magic:  23/23      EV: 24    Int: 20    God:    Nemelex Xobeh [****..]
Gold:   830        SH:  0    Dex: 18    Spells: 17/17 levels left

rFire   + + +        L - +6 short sword of Ockiuh {elec, Fly rCorr}
rCold   + . .        (no shield)
rNeg    + . .        k - +6 chain mail of Yesterday {Int+2}
rPois   .            l - +2 helmet
rElec   +            i - scarf {rC+ rF+}
rCorr   +            (gloves unavailable)
SInv    .            b - +0 pair of boots
Will    +....        X - amulet of Vitality {RegenMP++ Regen++}
Stlth   +            m - +5 ring of evasion
HPRegen 2.02/turn    O - ring of Cuyrigg {rElec rF+++ rN+ Int+6 Dex-2}
MPRegen 0.98/turn

%: no passive effects
@: agile, about to teleport, flying, slowed, very slow
A: powered by pain 2, sharp scales 3, demonic magic 2, corrupting presence 2,
demonic touch 3, low MP 1
a: Renounce Religion, Draw Escape, Draw Destruction, Draw Summoning, Triple
Draw, Deal Four


You were on level 1 of the Spider Nest.
You worshipped Nemelex Xobeh.
Nemelex Xobeh was greatly pleased with you.
You visited 6 branches of the dungeon, and saw 26 of its levels.
You visited the Abyss 2 times.
You also visited: Sewer, Gauntlet and Ice Cave.

You collected 2597 gold pieces.
You spent 1767 gold pieces at shops.

Inventory:

Hand Weapons
 o - a +3 dagger of electrocution
 L - the +6 short sword of Ockiuh (weapon) {elec, Fly rCorr}
   (You found it on level 13 of the Dungeon)

   Fly:       It grants you flight.
   rCorr:     It protects you from acid and corrosion.
 Z - a +6 vampiric quick blade
Armour
 b - a +0 pair of boots (worn)
 i - a scarf of resistance (worn)
 k - the +6 chain mail of Yesterday (worn) {Int+2}
   (You bought it in a shop on level 2 of the Orcish Mines)

   Int+2:     It affects your intelligence (+2).
 l - a +2 helmet (worn)
 z - a +3 ring mail of cold resistance
Jewellery
 m - a +5 ring of evasion (left hand)
 A - a ring of protection from cold
 C - a ring of protection from cold
 E - a ring of magical power
 N - a ring of willpower
 O - the ring of Cuyrigg (right hand) {rElec rF+++ rN+ Int+6 Dex-2}
   (You bought it in a shop on level 14 of the Dungeon)

   [ring of intelligence]

   Int+6:     It affects your intelligence (+6).
   Dex-2:     It affects your dexterity (-2).
   rF+++:     It renders you almost immune to fire.
   rElec:     It insulates you from electricity.
   rN+:       It protects you from negative energy.
 X - the amulet of Vitality (around neck) {RegenMP++ Regen++}
   (You found it on level 15 of the Dungeon)

   [amulet of magic regeneration]

   RegenMP:   It increases your rate of magic regeneration.
   Regen++:   It increases your rate of health regeneration.
Wands
 e - a wand of polymorph (4)
 n - a wand of mindburst (4)
 y - a wand of roots (13)
 D - a wand of charming (46)
 K - a wand of flame (44)
 Q - a wand of digging (3)
 Y - a wand of light (3)
Scrolls
 d - a scroll of amnesia
 h - 9 scrolls of teleportation
 p - 3 scrolls of enchant armour
 q - a scroll of poison
 s - 2 scrolls of vulnerability
 t - 3 scrolls of revelation
 w - 2 scrolls of fear
 x - 4 scrolls of torment
 B - 2 scrolls of noise
 I - 4 scrolls of immolation
 R - a scroll of fog
Potions
 c - a potion of ambrosia
 f - 9 potions of curing
 g - 2 potions of mutation
 j - 5 potions of brilliance
 u - a potion of cancellation
 v - 2 potions of haste
 F - a potion of attraction
 J - a potion of resistance
 M - a potion of invisibility
 T - a potion of enlightenment
 V - a potion of berserk rage
 W - a potion of heal wounds
Miscellaneous
 a - a phial of floods
 r - a sack of spiders
 H - a tin of tremorstones (2/2)
 S - a lightning rod (4/4)
 U - a phantom mirror


   Skills:
 - Level 12.0 Fighting
 * Level 15.8 Short Blades
 + Level 1.0(10.3) Long Blades
 + Level 0.7(1.1) Axes
 + Level 1.0(1.2) Maces & Flails
 + Level 0.3(0.8) Polearms
 + Level 0.4(1.0) Staves
 + Level 0.6 Ranged Weapons
 + Level 0.9 Throwing
 * Level 15.8 Armour
 - Level 14.0 Dodging
 - Level 5.6 Stealth
 + Level 1.1 Shields
 + Level 1.0 Unarmed Combat
 + Level 0.6 Spellcasting
 + Level 1.3 Conjurations
 + Level 1.0 Hexes
 + Level 0.8 Summonings
 + Level 1.0 Necromancy
 + Level 0.9 Translocations
 + Level 1.0 Fire Magic
 + Level 0.5 Ice Magic
 + Level 1.0 Air Magic
 + Level 1.0 Earth Magic
 + Level 1.0 Alchemy
 - Level 12.0 Invocations
 - Level 12.0 Evocations
 + Level 1.0 Shapeshifting


You had 17 spell levels left.
You didn't know any spells.
Your spell library contained the following spells:

 Spells                   Type           Power      Damage    Failure   Level
 Kiss of Death            Conj/Necr      20%        2d7       58%         1
 Sandblast                Erth           8%         2d5       63%         1
 Momentum Strike          Conj/Tloc      10%        3d8       75%         2
 Blink                    Tloc           8%         N/A       77%         2
 Lesser Beckoning         Tloc           8%         N/A       77%         2
 Sublimation of Blood     Necr           4%         N/A       77%         2
 Confusing Touch          Hex            4%         N/A       94%         3
 Fugue of the Fallen      Necr           4%         N/A       94%         3
 Gell's Gravitas          Tloc           4%         N/A       94%         3
 Inner Flame              Hex/Fire       4%         N/A       94%         3
 Teleport Other           Tloc           4%         N/A       94%         3
 Ozocubu's Armour         Ice            3%         N/A       96%         3
 Anguish                  Hex/Necr       2%         N/A       100%        4
 Animate Armour           Summ/Erth      8%         N/A       100%        4
 Brom's Barrelling Bould  Conj/Erth      5%         2d3       100%        4
 Cause Fear               Hex            2%         N/A       100%        4
 Dispel Undead            Necr           4%         3d7       100%        4
 Flame Wave               Conj/Fire      5%         2d5       100%        4
 Manifold Assault         Tloc           4%         N/A       100%        4
 Petrify                  Alch/Erth      4%         N/A       100%        4
 Sticky Flame             Fire/Alch      4%         2d4       100%        4
 Alistair's Intoxication  Alch           2%         N/A       100%        5
 Borgnjor's Vile Clutch   Necr/Erth      2%         N/A       100%        5
 Fireball                 Conj/Fire      2%         3d4       100%        5
 Irradiate                Conj/Alch      2%         3d12      100%        5
 Iskenderun's Battlesphe  Conj           5%         2d6       100%        5
 Lee's Rapid Deconstruct  Erth           2%         3d4*      100%        5
 Metabolic Englaciation   Hex/Ice        1%         N/A       100%        5
 Conjure Ball Lightning   Conj/Air       2%         3x3d6     100%        6
 Dispersal                Tloc           2%         N/A       100%        6
 Eringya's Noxious Bog    Alch           2%         4d6       100%        6
 Sculpt Simulacrum        Ice/Alch       1%         N/A       100%        6
 Enfeeble                 Hex            2%         N/A       100%        7
 Orb of Destruction       Conj           2%         9d5       100%        7
 Lehudib's Crystal Spear  Conj/Erth      2%         10d2      100%        8


Dungeon Overview and Level Annotations

Branches:
Dungeon (15/15)            Temple (1/1) D:7            Lair (5/5) D:9
 Shoals (0/4) Lair:3       Spider (1/4) Lair:3        Slime (0/5) Lair:4
    Orc (2/2) D:11            Elf (2/3) Orc:2        Vaults (0/5) D:14
 Depths (0/4) D:15          Sewer (visited)           IceCv (visited)
Gauntlet (visited)

Altars:
Ashenzari
Cheibriados
Dithmenos
Fedhas
Gozag
Hepliaklqana
Kikubaaqudgha
Makhleb
Nemelex Xobeh
Okawaru
Qazlal
Ru
Sif Muna
Trog
Uskayaw
Vehumet
Wu Jian
Xom
Yredelemnul
Jiyva

Shops:
D:14 =   Orc:2 *[[(![=(

Annotations:
D:9 1 runed translucent door
Spider:1 Nikola


Innate Abilities, Weirdness & Mutations

You sometimes gain power by taking damage.
You are completely covered in razor-sharp scales. (AC +3, Slay +3)
Spells you cast may paralyse nearby enemies.
Your presence sometimes corrodes or deforms those you injure.
Your touch may irresistibly damage your foes and sap their willpower.
Your magical capacity is low. (-10% MP)


Message History

The demonic crawler hits you but does no damage.
The wolf spider hits you but does no damage.
The wolf spider barely misses you.
Nikola says, "You don't look like a good insulator."
The demonic crawler hits you but does no damage.
The demonic crawler barely misses you.
The demonic crawler completely misses you.
The tarantella closely misses you.
The demonic crawler attacks as it pursues you!
The demonic crawler completely misses you.
The demonic crawler hits you.
The demonic crawler completely misses you.
Nikola gestures wildly while chanting.
Nikola blinks!
The tarantella misses you. The demonic crawler closely misses you.
The demonic crawler completely misses you. x2
The tarantella attacks as it pursues you!
The tarantella touches you but does no damage.
The tarantella completely misses you.
Nikola casts a spell.
Nikola blinks!
The demonic crawler closely misses you. The demonic crawler hits you!
The demonic crawler completely misses you.
The demonic crawler attacks as it pursues you!
The demonic crawler closely misses you. The demonic crawler hits you! x2
* * * LOW HITPOINT WARNING * * *
The orb spider weaves a glowing orb of energy.
The demonic crawler barely misses you. The demonic crawler closely misses you.
The demonic crawler misses you.
An orb of destruction comes into view.
As you read the scroll of teleportation, it crumbles to dust.
You feel strangely unstable. The demonic crawler closely misses you.
The demonic crawler hits you. The demonic crawler barely misses you.
The demonic crawler completely misses you.
The demonic crawler misses you. The demonic crawler hits you!
* * * LOW HITPOINT WARNING * * *
The orb spider pulsates with a strange energy.
The orb of destruction hits you!!!
You die...
Your body glows with a rainbow of weird colours and disappears.

....#....### ......
...........####.....
.............^....#
.................^#
.............†....#
##.>..§.s...s.†...#..# #
......##ssw○.......... ##
....... ##s○○..........
.#####...... #@..^†#.###...
...^........ ##....### ...^
................#......##....
................#.^.....^^...
....###...................(#
...........................#
......................^...##
....^....#.............^..#
............###.........###


You could see a torpor snail, a demonic crawler, a wolf spider, 2 orb spiders
and a tarantella.

Vanquished Creatures
  A profane servitor (Abyss:3)
  A bone dragon (Abyss:2)
  2 tentacled starspawn
  An Executioner (Abyss:3)
  Roxanne (D:15)
  Louise (D:14)
  A reaper (IceCv)
  2 deep elf death magi (Elf:1)
  A minotaur (Gauntlet)
  3 dire elephants (Lair:5)
  2 starcursed masses
  A crystal guardian (D:14)
  Josephine (Lair:4)
  Harold (D:10)
  A quicksilver dragon zombie (D:15)
  A hydra (Lair:5)
  An ice dragon (Lair:5)
  A catoblepas (D:15)
  6 two-headed ogres
  Erica (D:8)
  3 centaur warriors
  22 dancing weapons
  4 death yaks (Gauntlet)
  5 boulder beetles
  A tengu warrior (D:15)
  5 thrashing horrors
  An orc high priest (Orc:2)
  2 spectral dire elephants (Lair:5)
  A vampire mage (D:15)
  2 soul eaters
  A wretched star (Abyss:2)
  8 deep elf knights
  4 hell knights (Abyss:3)
  12 skeletal warriors
  A spectral anaconda (Lair:5)
  A storm dragon skeleton (D:15)
  A spark wasp zombie (D:15)
  A swamp dragon (Elf:1)
  An obsidian statue (Lair:5)
  Pikel (D:5)
  2 lindwurms
  4 deep elf archers
  An orc knight (Orc:2)
  2 harpies (Lair:3)
  4 large abominations (Abyss:3)
  32 deep elf pyromancers
  21 deep elf zephyrmancers
  7 necromancers
  2 wolf spiders (Spider:1)
  17 elephants
  3 cyclopes
  3 orc sorcerers (Orc:2)
  4 ugly things
  2 manticores
  A centaur zombie (Abyss:3)
  A moth of wrath (Elf:2)
  3 meliai
  3 black mambas
  11 slime creatures
  11 kobold blastminers
  2 ice statues (IceCv)
  A gargoyle (D:12)
  An unseen horror (Elf:2)
  2 smoke demons
  An orange demon (Abyss:2)
  A torpor snail (Spider:1)
  2 kobold demonologists
  9 cane toads
  2 dire elephant skeletons (Lair:5)
  4 ice devils (IceCv)
  An anaconda simulacrum (IceCv)
  A rime drake (Lair:4)
  A tengu conjurer (D:13)
  A freezing wraith (D:14)
  11 komodo dragons
  6 trolls
  4 ancient zymes
  A harpy zombie (Abyss:3)
  A queen bee (shapeshifter) (Abyss:3)
  3 tarantellas (Spider:1)
  3 polar bears
  18 blink frogs
  2 hornets
  A raiju (shapeshifter) (D:13)
  5 dream sheep (Lair:5)
  A culicivora (Spider:1)
  4 jumping spiders
  A small abomination (Abyss:2)
  3 water elementals
  An air elemental (Elf:2)
  A centaur simulacrum (Abyss:2)
  5 wyverns
  A fire bat (shapeshifter) (D:13)
  A vampire (D:12)
  2 humans
  7 wraiths
  A ynoxinul (Gauntlet)
  A fire bat (Elf:2)
  3 fire elementals
  A spriggan (Lair:2)
  3 basilisks
  A neqoxec (Abyss:3)
  22 yaks
  3 wargs
  A death yak simulacrum (Lair:5)
  2 steam dragons
  5 redbacks
  A spectral cane toad (Lair:5)
  3 vampire mosquitoes (D:15)
  A chaos spawn (Abyss:2)
  8 acid dragons
  12 water moccasins
  3 hydra simulacra (IceCv)
  Duvessa (D:5)
  3 swamp drakes
  2 sky beasts
  36 orc warriors
  4 ice beasts
  3 black bears
  An elephant zombie (Lair:5)
  12 ogres
  14 wolves
  7 centaurs
  5 phantoms (D:5)
  2 lemures (IceCv)
  4 weeping skulls (Abyss:3)
  4 kobold brigands
  A brain worm (Abyss:3)
  2 earth elementals (Elf:1)
  15 bullfrogs
  4 cane toad simulacra
  A gnoll sergeant (D:5)
  3 scorpions
  2 two-headed ogre simulacra (IceCv)
  2 water moccasin zombies (D:5)
  15 wights
  A water moccasin skeleton (D:5)
  Dowan (D:5)
  An elephant simulacrum (Lair:5)
  A hornet simulacrum (D:15)
  19 killer bees
  A howler monkey (D:5)
  6 bombardier beetles
  A bullfrog zombie (D:5)
  2 quasits (Abyss:3)
  7 hounds
  5 jellies
  15 orc priests
  An iron imp (Gauntlet)
  A scorpion zombie (D:5)
  A sleepcap (D:5)
  5 iguanas
  22 orc wizards
  A hell rat (Sewer)
  2 troll simulacra (IceCv)
  3 spriggan simulacra
  2 wolf simulacra (IceCv)
  5 gnolls
  13 adders
  5 naga simulacra (IceCv)
  2 river rats
  4 shadow imps
  8 white imps
  3 ufetubi
  6 ribbon worms
  2 dart slugs
  109 orcs
  2 endoplasms
  5 giant cockroaches
  7 goblins
  7 hobgoblins
  10 jackals
  11 kobolds
  5 quokkas
  8 ball pythons
  4 bats
  6 frilled lizards
  12 rats
898 creatures vanquished.

Vanquished Creatures (collateral kills)
  Norris (Elf:2)
  The ghost of Zotyuqur the Fighter, a journeyman MfIE of Ashenzari (Lair:2)
  A hydra (Lair:3)
  2 dancing weapons (Elf:2)
  2 death yaks (Gauntlet)
  3 deep elf knights
  A skeletal warrior (D:12)
  2 skysharks (Elf:2)
  A necromancer (Gauntlet)
  2 deep elf pyromancers (Elf:1)
  2 deep elf archers
  A rust devil (Gauntlet)
  A jumping spider (Lair:3)
  An earth elemental (Elf:2)
  3 iron imps (Gauntlet)
24 creatures vanquished.

Vanquished Creatures (others)
  A deep elf knight (Elf:1)
  A bullfrog (Lair:1)
  4 starspawn tentacles
6 creatures vanquished.

Grand Total: 928 creatures vanquished

Notes
Turn   | Place    | Note
-------+----------+-------------------------------------------
     0 | D:1      | PidgeyThePirate the Demonspawn Monk began the quest for the
                  | Orb.
     0 | D:1      | Reached XP level 1. HP: 18/18 MP: 1/1
   191 | D:1      | Gained mutation: You are partially covered in razor-sharp
                  | scales. (AC +1, Slay +1) [demonic ancestry]
   191 | D:1      | Reached XP level 2. HP: 18/24 MP: 2/2
   325 | D:1      | Reached skill level 1 in Invocations
   426 | D:1      | Reached XP level 3. HP: 23/29 MP: 3/3
  1537 | D:2      | Identified the +0 helmet "Xaogyom" {+Inv}
  1709 | D:2      | Gained mutation: You are mostly covered in razor-sharp
                  | scales. (AC +2, Slay +2) [demonic ancestry]
  1709 | D:2      | Reached XP level 4. HP: 31/35 MP: 5/5
  2212 | D:3      | Found a faded altar of an unknown god.
  2281 | D:3      | Found a faded altar of an unknown god.
  2286 | D:3      | Found a broken altar of Ashenzari.
  2493 | D:3      | Found a hide-covered altar of Uskayaw.
  2675 | D:4      | Noticed a scorpion
  2685 | D:4      | Killed a scorpion
  2686 | D:4      | Gained mutation: Your touch may inflict minor irresistible
                  | damage on your foes. [demonic ancestry]
  2686 | D:4      | Reached XP level 5. HP: 41/41 MP: 6/6
  2740 | D:4      | Found an iron altar of Okawaru.
  3065 | D:4      | Noticed a black bear
  3079 | D:4      | Identified the +10 hand axe of the Six Dreams {freeze, rC+}
  3575 | D:5      | Entered Level 5 of the Dungeon
  3585 | D:5      | Noticed a phantom
  3585 | D:5      | Noticed an ice beast
  3605 | D:5      | Noticed a black bear
  3613 | D:5      | Reached skill level 1 in Armour
  3613 | D:5      | Gained mutation: You sometimes gain a little power by
                  | taking damage. [demonic ancestry]
  3613 | D:5      | Reached XP level 6. HP: 47/47 MP: 6/8
  3617 | D:5      | Reached skill level 5 in Short Blades
  3637 | D:5      | Killed an ice beast
  3641 | D:5      | Gained mutation: You are completely covered in razor-sharp
                  | scales. (AC +3, Slay +3) [demonic ancestry]
  3641 | D:5      | Reached XP level 7. HP: 21/53 MP: 9/9
  3936 | D:5      | Found a shimmering blue altar of Sif Muna.
  4003 | D:5      | Noticed Dowan
  4003 | D:5      | Noticed Duvessa
  4061 | D:5      | Killed Duvessa
  4088 | D:5      | Killed Dowan
  4133 | D:5      | Reached XP level 8. HP: 25/60 MP: 11/11
  4174 | D:5      | Found a glowing drain.
  4192 | Sewer    | Entered a sewer
  4473 | D:5      | Identified the amulet of Wuseman {Rampage *Corrode rC+
                  | Regen+ Dex+2}
  4631 | D:5      | Noticed Pikel
  4648 | D:5      | Killed Pikel
  4649 | D:5      | Reached skill level 5 in Dodging
  4649 | D:5      | Reached skill level 5 in Invocations
  4649 | D:5      | Reached XP level 9. HP: 61/67 MP: 11/13
  4715 | D:5      | Found a blossoming altar of Fedhas.
  5114 | D:5      | Reached skill level 1 in Stealth
  5738 | D:6      | Found a radiant altar of Vehumet.
  5971 | D:7      | Reached skill level 5 in Fighting
  6289 | D:7      | Gained mutation: Your touch may inflict irresistible damage
                  | on your foes. [demonic ancestry]
  6289 | D:7      | Reached XP level 10. HP: 72/74 MP: 15/15
  6675 | D:7      | Found a staircase to the Ecumenical Temple.
  6750 | Temple   | Entered the Ecumenical Temple
  6779 | Temple   | Became a worshipper of Nemelex Xobeh the Trickster
  6779 | Temple   | Reached * piety under Nemelex Xobeh
  6779 | Temple   | Received a gift from Nemelex Xobeh
  6779 | Temple   | Reached ** piety under Nemelex Xobeh
  6779 | Temple   | Received a gift from Nemelex Xobeh
  7072 | D:8      | Found a snail-covered altar of Cheibriados.
  7154 | D:8      | Noticed Erica
  7164 | D:8      | Reached skill level 1 in Evocations
  7173 | D:8      | Killed Erica
  7330 | D:7      | Reached skill level 10 in Short Blades
  7391 | D:8      | Reached skill level 5 in Armour
  7794 | D:9      | Found a runed translucent door.
  7795 | D:9      | Found a burning altar of Makhleb.
  7795 | D:9      | Noticed a sixfirhy
  7929 | D:9      | Found a staircase to the Lair.
  7970 | D:9      | Noticed a sixfirhy
  7992 | D:9      | Noticed a smoke demon
  7992 | Lair:1   | Entered Level 1 of the Lair of Beasts
  8049 | Lair:1   | Gained mutation: Your touch may irresistibly damage your
                  | foes and sap their willpower. [demonic ancestry]
  8049 | Lair:1   | Reached XP level 11. HP: 49/81 MP: 17/17
  8273 | Lair:1   | Received a gift from Nemelex Xobeh
  8916 | Lair:2   | Found a runed translucent door.
  8920 | Lair:2   | Noticed Zotyuqur's ghost (journeyman MfIE)
  9212 | Lair:2   | Noticed a lindwurm
  9225 | Lair:2   | Killed a lindwurm
  9226 | Lair:2   | Reached skill level 10 in Invocations
  9407 | Lair:2   | Reached *** piety under Nemelex Xobeh
  9612 | Lair:2   | Received a gift from Nemelex Xobeh
  9906 | Lair:2   | Gained mutation: Spells you cast may paralyse adjacent
                  | enemies. [demonic ancestry]
  9906 | Lair:2   | Reached XP level 12. HP: 91/91 MP: 20/20
  9971 | Lair:2   | Killed Zotyuqur's ghost
 10282 | Lair:3   | Found a hole to the Spider Nest.
 10284 | Lair:3   | Noticed a six-headed hydra
 10299 | Lair:3   | Killed a six-headed hydra
 10617 | Lair:3   | Received a gift from Nemelex Xobeh
 10985 | Lair:3   | Received a gift from Nemelex Xobeh
 11331 | Lair:3   | Found a staircase to the Shoals.
 11925 | Lair:4   | Reached skill level 10 in Dodging
 11964 | Lair:4   | Reached **** piety under Nemelex Xobeh
 12018 | Lair:4   | Received a gift from Nemelex Xobeh
 12129 | Lair:4   | Found a staircase to the Slime Pits.
 12130 | Lair:4   | Found a viscous altar of Jiyva.
 12222 | Lair:5   | Entered Level 5 of the Lair of Beasts
 12440 | Lair:5   | Noticed a four-headed hydra
 12449 | Lair:5   | Killed a four-headed hydra
 12450 | Lair:5   | Reached XP level 13. HP: 54/99 MP: 22/22
 12493 | Lair:5   | Received a gift from Nemelex Xobeh
 12602 | Lair:5   | Found a frozen archway.
 12621 | IceCv    | Entered an ice cave
 12964 | IceCv    | Noticed a reaper
 12972 | IceCv    | Killed a reaper
 13277 | Lair:5   | Received a gift from Nemelex Xobeh
 13934 | Lair:5   | Reached skill level 5 in Evocations
 14158 | Lair:5   | Noticed a dire elephant
 14158 | Lair:5   | Noticed a dire elephant
 14176 | Lair:5   | Killed a dire elephant
 14460 | Lair:5   | Noticed a dire elephant
 14756 | Lair:5   | Killed a dire elephant
 14772 | Lair:5   | Killed a dire elephant
 14946 | Lair:5   | Identified the +8 war axe "Vaucilo" {flame, rElec rPois}
 15393 | Lair:4   | Noticed Josephine
 15412 | Lair:4   | Killed Josephine
 15413 | Lair:4   | Gained mutation: Your presence sometimes corrodes those you
                  | injure. [demonic ancestry]
 15413 | Lair:4   | Reached XP level 14. HP: 87/107 MP: 23/23
 15880 | Lair:4   | Received a gift from Nemelex Xobeh
 16741 | D:9      | Reached skill level 10 in Fighting
 17224 | D:9      | Found a basalt altar of Yredelemnul.
 17394 | D:10     | Entered Level 10 of the Dungeon
 17516 | D:10     | Noticed Harold
 17526 | D:10     | Killed Harold
 17681 | D:10     | Received a gift from Nemelex Xobeh
 18013 | D:10     | Reached skill level 5 in Stealth
 18440 | D:11     | Found a staircase to the Orcish Mines.
 18520 | D:11     | Found a gate leading to a gauntlet.
 18540 | Gauntlet | Entered a Gauntlet
 18540 | Gauntlet | Found a transporter.
 18540 | Gauntlet | Found a transporter.
 18540 | Gauntlet | Found a transporter.
 18541 | Gauntlet | Found a transporter.
 18543 | Gauntlet | Found a transporter.
 18545 | Gauntlet | Found a transporter.
 18549 | Gauntlet | Found a runed translucent door.
 18549 | Gauntlet | Found a runed translucent door.
 18551 | Gauntlet | Found a transporter.
 18553 | Gauntlet | Found a transporter.
 18553 | Gauntlet | Found the +3 pair of seven-league boots {Rampage+∞}
 18554 | Gauntlet | Found a transporter.
 18556 | Gauntlet | Found a transporter.
 18564 | Gauntlet | Found a transporter.
 18576 | Gauntlet | Found a transporter.
 18835 | Gauntlet | Got the Compendium of Orogeny
 18844 | Gauntlet | Identified 3 scrolls of acquirement
 18845 | Gauntlet | Acquired a manual of Armour
 18849 | Gauntlet | Acquired a +2 quick blade of flaming
 18855 | Gauntlet | Acquired a manual of Short Blades
 18948 | Gauntlet | Reached skill level 10 in Armour
 18976 | Gauntlet | Identified the +0 helmet of Ycenwul {+Inv rC- Dex+5}
 19377 | D:11     | Reached ***** piety under Nemelex Xobeh
 20138 | D:12     | Identified the +9 hand axe of Verdant Tortfeasance {freeze,
                  | Str+3}
 20897 | D:13     | Received a gift from Nemelex Xobeh
 21535 | D:13     | Identified the ring of the Imp {Fire Dex+3}
 21702 | D:13     | Identified the +1 sling of the Charmed God {drain, Will+
                  | Str+4}
 21728 | D:13     | Identified the +6 short sword of Ockiuh {elec, Fly rCorr}
 22142 | D:14     | Noticed Louise
 22144 | Abyss:2  | Found a corrupted altar of Lugonu.
 22144 | Abyss:2  | Cast into level 2 of the Abyss (Louise)
 22174 | Abyss:2  | Noticed a tentacled starspawn
 22181 | Abyss:2  | Killed a tentacled starspawn
 22182 | Abyss:2  | Gained mutation: Spells you cast may paralyse nearby
                  | enemies. [demonic ancestry]
 22182 | Abyss:2  | Reached XP level 15. HP: 87/118 MP: 24/24
 22309 | Abyss:2  | Noticed a green draconian monk
 22310 | Abyss:2  | Noticed a bone dragon
 22348 | Abyss:2  | Killed a bone dragon
 22589 | Abyss:2  | Found a corrupted altar of Lugonu.
 22611 | Abyss:2  | Received a gift from Nemelex Xobeh
 22732 | Abyss:2  | Noticed a hellephant
 22735 | D:14     | Escaped the Abyss
 22746 | D:14     | Killed Louise
 23332 | D:14     | Found Vasi's Jewellery Boutique.
 23340 | D:14     | Bought the ring of Cuyrigg {rElec rF+++ rN+ Int+6 Dex-2}
                  | for 1190 gold pieces
 23510 | D:14     | Received a gift from Nemelex Xobeh
 23723 | D:14     | Found a gate to the Vaults.
 24056 | D:15     | Entered Level 15 of the Dungeon
 24845 | D:15     | Noticed Roxanne
 24853 | D:15     | Received a gift from Nemelex Xobeh
 24859 | D:15     | Killed Roxanne
 25179 | D:15     | Found a staircase to the Depths.
 25656 | D:15     | Received a gift from Nemelex Xobeh
 25687 | D:15     | Found the amulet of Vitality {RegenMP++ Regen++}
 25906 | D:15     | Received a gift from Nemelex Xobeh
 26343 | Orc:1    | Entered Level 1 of the Orcish Mines
 26438 | Orc:2    | Entered Level 2 of the Orcish Mines
 26440 | Orc:2    | Found a staircase to the Elven Halls.
 26732 | Orc:2    | Found Sathratet's Armour Shop.
 26751 | Orc:2    | Found Lihit's Distillery.
 26810 | Orc:2    | Found Bahubopp's Jewellery Emporium.
 26865 | Orc:2    | Received a gift from Nemelex Xobeh
 26907 | Orc:2    | Found Ucinemi's Antique Armour Boutique.
 26918 | Orc:2    | Bought a jewelled chain mail for 313 gold pieces
 26918 | Orc:2    | Identified the +6 chain mail of Yesterday {Int+2} (You
                  | bought it in a shop on level 2 of the Orcish Mines)
 27110 | Orc:2    | Found Gyluep's Antique Weapon Boutique.
 27195 | Orc:2    | Reached ****** piety under Nemelex Xobeh
 27359 | Orc:2    | Found Piatrar's Assorted Antiques.
 27546 | Orc:2    | Received a gift from Nemelex Xobeh
 27793 | Orc:2    | Paralysed by an orc sorcerer for 4 turns
 27927 | Orc:2    | Found Zaikezxe's Antique Weapon Emporium.
 27929 | Orc:2    | Found Utoczusydu's Antique Armour Shoppe.
 27942 | Orc:2    | Bought an embroidered scarf for 264 gold pieces
 28054 | Elf:1    | Entered Level 1 of the Elven Halls
 28094 | Elf:1    | Gained mutation: You sometimes gain power by taking damage.
                  | [demonic ancestry]
 28094 | Elf:1    | Reached XP level 16. HP: 127/127 MP: 25/25
 28101 | Elf:1    | Reached skill level 10 in Evocations
 28264 | Elf:1    | Received a gift from Nemelex Xobeh
 28380 | Elf:1    | Identified the ring of Temptation {Fire Int+3}
 28888 | Elf:1    | Reached skill level 1 in Conjurations
 29075 | Elf:1    | Identified the +1 ring mail of Inviolability {^Drain rElec
                  | rF+++ rN+}
 29426 | Elf:2    | Received a gift from Nemelex Xobeh
 29450 | Elf:2    | Reached skill level 1 in Shields
 29466 | Elf:2    | Reached skill level 1 in Maces & Flails
 29466 | Elf:2    | Reached skill level 1 in Fire Magic
 29490 | Elf:2    | Reached skill level 1 in Necromancy
 29490 | Elf:2    | Reached skill level 1 in Shapeshifting
 29520 | Elf:2    | Reached skill level 1 in Long Blades
 29520 | Elf:2    | Reached skill level 1 in Unarmed Combat
 29520 | Elf:2    | Reached skill level 1 in Hexes
 29520 | Elf:2    | Reached skill level 1 in Air Magic
 29520 | Elf:2    | Reached skill level 1 in Earth Magic
 29520 | Elf:2    | Reached skill level 1 in Alchemy
 29556 | Elf:2    | Noticed Norris
 29569 | Elf:2    | Killed Norris
 29840 | Elf:2    | Paralysed by an air elemental for 1 turns
 29896 | Elf:2    | Received a gift from Nemelex Xobeh
 29927 | Elf:2    | Found a shimmering blue altar of Sif Muna.
 30082 | Elf:2    | Reached skill level 15 in Short Blades
 30098 | Elf:2    | Found a runed translucent gate.
 30099 | Elf:2    | Found a runed translucent gate.
 30099 | Elf:2    | Found a runed translucent gate.
 30437 | Elf:2    | Noticed a deep elf blademaster
 30441 | Elf:2    | a deep elf blademaster changed into a boulder beetle
 30646 | Elf:2    | Gained mutation: Your presence sometimes corrodes or
                  | deforms those you injure. [demonic ancestry]
 30646 | Elf:2    | Reached XP level 17. HP: 133/133 MP: 26/26
 30710 | Abyss:3  | Found a corrupted altar of Lugonu.
 30710 | Abyss:3  | Cast into level 3 of the Abyss (+2 lajatang of distortion)
 30825 | Abyss:3  | Reached skill level 15 in Armour
 31034 | Abyss:3  | Received a gift from Nemelex Xobeh
 31192 | Abyss:3  | Noticed a profane servitor
 31205 | Abyss:3  | Found a corrupted altar of Lugonu.
 31229 | Abyss:3  | Killed a profane servitor
 31330 | Abyss:3  | Gained mutation: Your magical capacity is low. (-10% MP) [a
                  | neqoxec]
 31362 | Elf:2    | Escaped the Abyss
 31848 | Spider:1 | Entered Level 1 of the Spider Nest
 31967 | Spider:1 | Noticed Nikola
 31972 | Spider:1 | Blown up by an orb spider

Illustrated notes

Levels and vault maps discovered:
D:1:      dreamdust_arrival_sigmund_warning, layout_basic
D:2:      wander_river, layout_basic
D:3:      layout_basic, nicolae_overflow_ecumenical_swirl,
          mainiacjoe_overflow_chevrons, shapermc_ecumenical_altar_starsandcircs
D:4:      layout_loops_ring, mainiacjoe_overflow_surrounded_room
D:5:      minmay_thinvault, layout_basic, hellmonk_sif_muna_bookshelves,
          mainiacjoe_overflow_alcove_1, serial_undead, serial_undead_b,
          serial_undead_e, serial_undead_b, serial_undead_c,
          lightli_sewer_entry_pipes, amcnicky_mini_pool_medium, uniq_pikel,
          uniq_duvessa
D:6:      layout_cave_pods, amcnicky_altar_gilded
D:7:      layout_basic, minmay_temple_entry_glass, st_stairs_2,
          nicolae_benzene_ring
D:8:      layout_rooms, old_standard_altar, special_room [special_room_orc],
          serial_bayou_pond_b, uniq_erica
D:9:      layout_loops_cross, nzn_makhleb_speed_demon,
          mainiacjoe_overflow_six_doors_small, erik_lair_orcish_takeover
D:10:     layout_loops_cross, kennysheep_cross_bottleneck, uniq_harold
D:11:     layout_roguey [special_room_orc], orc_0_dummy, gauntlet_entry_generic
D:12:     layout_loops_cross
D:13:     layout_loops_ring, minmay_microvault
D:14:     layout_gridville, hellmonk_vaults_attempted_burglary,
          minmay_misc_feat_secret_circle, serial_shops, shop, minivault_26,
          uniq_louise
D:15:     gammafunk_depths_entry_grave, layout_stronghold, uniq_roxanne
Temple:   nicolae_temple_bog_church
Lair:1:   layout_hall_layers, grunt_megastairs_4
Lair:2:   layout_misc_corridors, ebering_ghost_inner_flame,
          grunt_forest_stairs_clearing
Lair:3:   layout_cave_pods, nicolae_shoals_entry_roost, spider_nest_entry_a,
          infiniplex_staircase_pool
Lair:4:   layout_layer_cave, slime_entry_1, guppyfry_lair_drakes,
          grunt_megastairs_1, uniq_josephine
Lair:5:   due_jungle_book, layout_layer_cave,
          portal_ice_cave_entry_ice_simulacra, bobbens_ice_dragon_lair
Spider:1: nicolae_spider_corner, uniq_nikola
Orc:1:    layout_caves
Orc:2:    grunt_orc_community_town_hall, layout_caves,
          grunt_orc_community_big_house_1, grunt_orc_community_big_house_2,
          grunt_orc_community_house_1, grunt_orc_community_house_1,
          grunt_orc_community_house_2, grunt_orc_community_house_2,
          grunt_orc_community_house_2, grunt_orc_community_house_1,
          serial_shops, nicolae_shop_rolling_square, shop, nicolae_shop_trees,
          nicolae_shop_tiny_glass
Elf:1:    elf_arrival_001, layout_loops_corners, minmay_elf_crystal_heptagon,
          nicolae_elf_variegated_diamond
Elf:2:    nicolae_elf_blades_crystal_corner, layout_geoelf_diagonals,
          basic_altar, grunt_ministairs_14, uniq_norris

Skill      XL: |  1  2  3  4  5  6  7  8  9 10 11 12 13 14 15 16 17 |
---------------+----------------------------------------------------+-----
Short Blades   | 3 4 5 6 8 9 10 11 14 15 | 15.8
Invocations    | 1 2 3 4 5 7 9 10 12 | 12.0
Dodging        | 3 4 5 7 9 10 12 13 14 | 14.0
Armour         | 1 2 3 4 5 7 8 9 10 12 14 15 | 15.8
Fighting       | 4 5 7 8 9 11 12 | 12.0
Stealth        | 2 4 5 |  5.6
Evocations     | 1 2 3 6 8 9 12 | 12.0
Conjurations   | 1 |  1.3
Shields        | 1 |  1.1
Maces & Flails | 1 |  1.0
Fire Magic     | 1 |  1.0
Necromancy     | 1 |  1.0
Shapeshifting  | 1 |  1.0
Long Blades    | 1 |  1.0
Unarmed Combat | 1 |  1.0
Hexes          | 1 |  1.0
Air Magic      | 1 |  1.0
Earth Magic    | 1 |  1.0
Alchemy        | 1 |  1.0
Axes           | |  0.7
Polearms       | |  0.3
Staves         | |  0.4
Ranged Weapons | |  0.6
Throwing       | |  0.9
Spellcasting   | |  0.6
Summonings     | |  0.8
Translocations | |  0.9
Ice Magic      | |  0.5

Action                     |  1- 3 |  4- 6 |  7- 9 | 10-12 | 13-15 | 16-18 || total
---------------------------+-------+-------+-------+-------+-------+-------++-------
  Melee: Short sword       |   175 |   134 |   174 |       |   750 |   704 ||  1937
         Touch             |       |    19 |    69 |   158 |   445 |   156 ||   847
         Punch             |       |     2 |     5 |     9 |    29 |    19 ||    64
         Dagger            |       |       |   208 |   667 |  1001 |       ||  1876
 Invoke: Draw Destruction  |       |       |       |     9 |    29 |    34 ||    72
         Draw Escape       |       |       |       |     3 |     4 |     4 ||    11
         Draw Summoning    |       |       |       |     1 |     7 |     5 ||    13
         Triple Draw       |       |       |       |     1 |       |     1 ||     2
         Deal Four         |       |       |       |       |     5 |     8 ||    13
  Evoke: Wand              |       |       |       |     5 |       |    19 ||    24
         Phial of floods   |       |       |       |       |     1 |       ||     1
    Use: Potion            |       |     6 |     1 |     2 |     4 |     1 ||    14
         Scroll            |       |       |       |     2 |    22 |    14 ||    38
   Stab: Sleeping          |       |       |     1 |       |    11 |       ||    12
         Petrified         |       |       |       |     1 |     4 |       ||     5
         Distracted        |       |       |       |       |     4 |     1 ||     5
         Petrifying        |       |       |       |       |     2 |       ||     2
 Armour: Robe              |    29 |       |       |       |       |       ||    29
         Leather armour    |    44 |     6 |       |       |       |       ||    50
         Ring mail         |       |    54 |   105 |   239 |   492 |       ||   890
         Skin              |       |       |    34 |       |       |       ||    34
         Chain mail        |       |       |       |       |   143 |   575 ||   718
  Dodge: Dodged            |   114 |   106 |   234 |   695 |  1292 |   461 ||  2902

Table legend: (Time is in decaauts)
 A = Elapsed time spent in this place.
 B = Non-inter-level travel time spent in this place.
 C = Inter-level travel time spent in this place.
 D = Time resting spent in this place.
 E = Time spent auto-exploring this place.
 F = Levels seen in this place.
 G = Mean time per level.
                   A        B        C        D        E       F      G
               +--------+--------+--------+--------+--------+-----+--------+
         Total |  30351 |  27688 |   2663 |      0 |  20000 |  31 |  979.1 |
       Dungeon |  15499 |  14249 |   1250 |      0 |  10853 |  15 | 1033.3 |
        Temple |     51 |      3 |     48 |      0 |      0 |   1 |   51.0 |
          Lair |   7819 |   6851 |    968 |      0 |   5361 |   5 | 1563.8 |
   Spider Nest |    109 |    109 |      0 |      0 |     31 |   1 |  109.0 |
  Orcish Mines |   1554 |   1442 |    112 |      0 |    819 |   2 |  777.0 |
   Elven Halls |   2773 |   2488 |    285 |      0 |   1522 |   2 | 1386.5 |
         Abyss |   1094 |   1094 |      0 |      0 |    589 |   2 |  547.0 |
         Sewer |    188 |    188 |      0 |      0 |    137 |   1 |  188.0 |
      Ice Cave |    474 |    474 |      0 |      0 |    241 |   1 |  474.0 |
      Gauntlet |    787 |    787 |      0 |      0 |    447 |   1 |  787.0 |
               +--------+--------+--------+--------+--------+-----+--------+

Top non-repeatable levels by time:
  Lair:5: 2544 daAuts
    D:15: 1795 daAuts
    D:14: 1693 daAuts
  Lair:3: 1542 daAuts
   Elf:2: 1431 daAuts
  Lair:4: 1410 daAuts
  Lair:2: 1405 daAuts
     D:5: 1374 daAuts
     D:1: 1354 daAuts
   Elf:1: 1342 daAuts
   Orc:2: 1208 daAuts
     D:7: 1151 daAuts
    D:13: 1148 daAuts
    D:11: 968 daAuts
  Lair:1: 916 daAuts
